 Dungeon Crawl Stone Soup version 0.30-a0-1114-gd936c97349 (webtiles) character file.

Game seed: 16817985303580081352

7 maxwells the Sneak (level 1, 0/7 HPs)
             Began as a Felid Air Elementalist on Apr 21, 2023.
             Slain by a quokka (4 damage)
             ... on level 1 of the Dungeon.
             The game lasted 00:01:14 (310 turns).

maxwells the Sneak (Felid Air Elementalist)          Turns: 310, Time: 00:01:15

Health: 0/7        AC:  1    Str:  4    XL:     1   Next: 91%
Magic:  0/4        EV: 17    Int: 16    God:
Gold:   32         SH:  0    Dex: 16    Spells: 3/4 levels left
                                        Lives:  0   Deaths: 0

rFire   . . .      SeeInvis +    (weapon unavailable)
rCold   . . .      Faith    .    (shield unavailable)
rNeg    . . .      Spirit   .    (body armour unavailable)
rPois   .          Reflect  .    (helmet unavailable)
rElec   .          Rampage  .    (cloak unavailable)
rCorr   .                        (gloves unavailable)
Will    .....                    (boots unavailable)
Stlth   ++                       (no amulet)
HPRegen 0.21/turn                (no ring)
MPRegen 0.09/turn                (no ring)

@: quick
A: very small, claws 1, fangs 3, see invisible, speed 1, shaggy fur 1, stealthy
paws, no weapons or thrown items, no armour, multi-lived
a: no special abilities


You were on level 1 of the Dungeon.
You visited 1 branch of the dungeon, and saw 1 of its levels.

You collected 32 gold pieces.

Inventory:

Scrolls
 b - a scroll of vulnerability {unknown}
 c - a scroll of identify {unknown}
Potions
 a - a potion of magic
 d - a potion of curing {unknown}


   Skills:
 + Level 2.9 Dodging
 + Level 3.1 Stealth
 * Level 2.0 Spellcasting
 + Level 0.8 Conjurations
 * Level 2.9 Air Magic


You had 3 spell levels left.
You knew the following spells:

 Your Spells              Type           Power      Damage    Failure   Level
a - Shock                 Conj/Air       28%        1d4       10%         1

Your spell library contained the following spells:

 Spells                   Type           Power      Damage    Failure   Level
 Static Discharge         Conj/Air       14%        2-3/arc   14%         2
 Swiftness                Air            10%        N/A       19%         3
 Airstrike                Air            5%         2d(1-17)  52%         4


Dungeon Overview and Level Annotations

Branches:
Dungeon (1/15)

Altars:


Innate Abilities, Weirdness & Mutations

You have sharp claws.
You have razor-sharp teeth.
You have supernaturally acute eyesight. (SInv)
You cover ground quickly. (Speed+)
You are covered in fur. (AC +1)
Your paws help you pounce on unaware monsters.
You are incapable of wielding weapons or throwing items.
You cannot wear armour.
You gain extra lives every three experience levels.


Message History

Casting: Shock (safe; 10% risk of failure)
Confirm with . or Enter, or press ? or * to list all spells.
You don't know that spell.
You now have 32 gold pieces (gained 8).
d - a green potion
Found 9 stones.
A quokka comes into view.
Found a scroll labelled WEMOCOM QEOCKU.
A quokka is nearby!
A quokka is nearby!
A quokka is nearby!
A quokka is nearby!
A quokka is nearby!
Casting: Shock (safe; 10% risk of failure)
Confirm with . or Enter, or press ? or * to list all spells.
Aiming: Shock (safe; 10% risk of failure)
Press: ? - help, Shift-Dir - straight line The zap hits the quokka.
The quokka is moderately wounded.
The zap hits the quokka.
The quokka is severely wounded.
Casting: Shock (safe; 10% risk of failure)
Confirm with . or Enter, or press ? or * to list all spells.
Aiming: Shock (safe; 10% risk of failure)
Press: ? - help, Shift-Dir - straight line The zap misses the quokka.
Casting: Shock (safe; 10% risk of failure)
Confirm with . or Enter, or press ? or * to list all spells.
Aiming: Shock (safe; 10% risk of failure)
Press: ? - help, Shift-Dir - straight line The zap hits the quokka.
The quokka is almost dead.
The quokka bites you.
Casting: Shock (safe; 10% risk of failure)
Confirm with . or Enter, or press ? or * to list all spells.
Aiming: Shock (safe; 10% risk of failure)
Press: ? - help, Shift-Dir - straight line The zap misses the quokka.
The quokka bites you.
Ouch! That really hurt!
You die...

#............. .............
.(.......... #. ..#.#
..........# ..#.#.#
#.##..............#.#.#
###.##...................
#........................
........@.....# #...#..#
###.###.#r...... ...#..# #.#
#.#..##.#. #.#..#
##.###.#.?...... ##....#
#......##.##.#..##.....#
#######.##..##..............#
........##+###..............#
.####...........#.#.###...#..
+...........++#+###...#..


You could see a quokka.

Vanquished Creatures
  A ball python (D:1)
  A bat (D:1)
  An endoplasm (D:1)
  A giant cockroach (D:1)
  A hobgoblin (D:1)
  A frilled lizard (D:1)
6 creatures vanquished.

Notes
Turn   | Place    | Note
-------+----------+-------------------------------------------
     0 | D:1      | maxwells the Felid Air Elementalist began the quest for the
                  | Orb.
     0 | D:1      | Reached XP level 1. HP: 7/7 MP: 4/4
   187 | D:1      | Reached skill level 3 in Stealth
   310 | D:1      | Slain by a quokka

Illustrated notes

Levels and vault maps discovered:
D:1:      evilmike_arrival_fibonacci_small, layout_basic

Skill      XL: |  1 |
---------------+----+-----
Stealth        | 3 |  3.1
Dodging        | |  2.9
Spellcasting   | |  2.0
Conjurations   | |  0.8
Air Magic      | |  2.9

Action                     || total
---------------------------++-------
  Melee: Unarmed           ||     5
   Cast: Shock             ||    17
  Dodge: Dodged            ||     4

Table legend: (Time is in decaauts)
 A = Elapsed time spent in this place.
 B = Non-inter-level travel time spent in this place.
 C = Inter-level travel time spent in this place.
 D = Time resting spent in this place.
 E = Time spent auto-exploring this place.
 F = Levels seen in this place.
 G = Mean time per level.
                   A        B        C        D        E       F      G
               +--------+--------+--------+--------+--------+-----+--------+
         Total |    285 |    285 |      0 |      0 |    236 |   1 |  285.0 |
       Dungeon |    285 |    285 |      0 |      0 |    236 |   1 |  285.0 |
               +--------+--------+--------+--------+--------+-----+--------+

Top non-repeatable levels by time:
     D:1: 285 daAuts
